 Dungeon Crawl Stone Soup version 0.31-a0-277-g31ea1f65cc (webtiles) character file.

Game seed: 12728774363001680858

1555 Ofeo the Changeling (level 8, 69/69 HPs)
             Began as a Black Draconian Shapeshifter on July 16, 2023.
             Quit the game on level 7 of the Dungeon.
             The game lasted 00:06:43 (7560 turns).

Ofeo the Changeling (Black Draconian Shapeshifter)  Turns: 7560, Time: 00:06:43

Health: 69/69      AC:  6    Str: 20    XL:     8   Next: 58%
Magic:  8/8        EV: 13    Int:  8    God:
Gold:   244        SH:  0    Dex: 12    Spells: 7/7 levels left

rFire   . .          .
                       - Unarmed
rCold   + . .        (no shield)
rNeg    . . .        (body armour unavailable)
rPois   .            (helmet currently unavailable)
rElec   +            (cloak currently unavailable)
rCorr   +            (gloves currently unavailable)
SInv    +            (boots currently unavailable)
Will    .....        e - amulet of faith
Stlth   +            j - ring of resist corrosion
HPRegen 0.31/turn    c - ring of protection from cold
MPRegen 0.11/turn

%: faith
@: beast-form
A: beast (slay +4), breathe lightning, AC +6, unfitting armour, electricity
resistance, cold-blooded, see invisible, inability to drink after injury 2
a: Breathe Lightning, Begin Untransformation


You were on level 7 of the Dungeon.
You were a hulking beast.
You visited 2 branches of the dungeon, and saw 8 of its levels.

You collected 314 gold pieces.
You spent 70 gold pieces at shops.

Inventory:

Missiles
 m - a throwing net
Armour
 a - a +1 pair of boots
 l - a +0 cloak
Jewellery
 c - a ring of protection from cold (right hand)
 e - an amulet of faith (around neck)
 j - a ring of resist corrosion (left hand)
 n - a ring of magical power
Talismans
 b - a beast talisman
Wands
 o - a wand of flame (6)
 t - a wand of roots (2)
Scrolls
 d - 2 scrolls of revelation
 g - a scroll of immolation
 i - a scroll of identify {@r1}
 k - a scroll of poison
Potions
 f - 4 potions of berserk rage
 h - 4 potions of heal wounds {@q2}
 p - a potion of magic {unknown}
 q - a potion of curing {@q1}
 r - a potion of mutation
 s - a potion of ambrosia {unknown}


   Skills:
 + Level 5.6 Fighting
 + Level 4.6 Dodging
 + Level 5.2 Unarmed Combat
 * Level 6.4 Shapeshifting


You had 7 spell levels left.
You didn't know any spells.
Your spell library contained the following spells:

 Spells                   Type           Power      Damage    Failure   Level
 Stone Arrow              Conj/Erth      0%         3d7       78%         3
 Lehudib's Crystal Spear  Conj/Erth      0%         10d2      100%        8
 Animate Armour           Summ/Erth      Unusable   N/A       N/A         4

Dungeon Overview and Level Annotations

Branches:
Dungeon (7/15)             Temple (1/1) D:5

Altars:
Ashenzari
Cheibriados
Dithmenos
Elyvilon
Makhleb
Nemelex Xobeh
Okawaru
Qazlal
Ru
Sif Muna
Trog
Uskayaw
Vehumet
Xom
Yredelemnul
Zin
The Shining One

Shops:
D:2 (   D:3 *


Innate Abilities, Weirdness & Mutations

You are a hulking beast.
Your limbs bulge with bestial killing power. (Slay +4)
You can breathe wild blasts of lightning.
Your glossy black scales are hard. (AC +6)
You cannot fit into any form of body armour.
You are resistant to electric shocks. (rElec)
You are cold-blooded and may be slowed by cold attacks.
You have supernaturally acute eyesight. (SInv)
You sometimes lose the ability to drink potions when taking damage.


Message History

HP restored.
A jelly comes into view.
Health restored: 69 A jelly is nearby!
Found a gold piece.
You breathe a wild blast of lightning!
The orb of electricity explodes!
The orb of electricity engulfs you! You resist.
The orb of electricity explodes!
You take 7 damage, and have 62/69 hp.
You punch the jelly!
Your hands burn!
You tail-slap the jelly.
The jelly is severely wounded.
The jelly hits you.
You are splashed with acid.
You resist.
You take 7 damage, and have 55/69 hp.
You punch the jelly!
You kill the jelly!
No target in view!
No target in view!
No target in view!
No target in view!
No target in view!
No target in view!
No target in view!
You have got your breath back.
You now have 244 gold pieces (gained 1).
You open the door.
Found a club.
Health restored: 69
There is an open door here.
You see here a +0 club.
You see here a +0 club.
There is an open door here.
There is a stone staircase leading up here.
Found a stone staircase leading up.
There is a stone staircase leading up here.
There is a stone staircase leading up here.
A sky beast comes into view.
A sky beast is nearby!
A sky beast is nearby!
The sky beast flickers out of sight for a moment.
Are you sure you want to abandon this character and quit the game? (Confirm with "yes".)

...# ...# . .. ...###...
.########### .........
........... ...#
#........## .#.#
+.........#
.#.#########.#.........#
.#...........#..........
##############..h.Y...#
..........<.............
##########.#############
#.......# #######.#


You could see a sky beast (invisible).

Vanquished Creatures
  2 water moccasins
  2 black bears (D:6)
  A sky beast (D:7)
  2 phantoms
  Blork the orc (D:6)
  4 scorpions
  2 orc priests (D:5)
  2 jellies
  3 hounds
  A sleepcap (D:5)
  Jessica (D:2)
  3 iguanas
  Natasha (D:4)
  3 orc wizards (D:5)
  5 adders
  A shadow imp (D:6)
  An ufetubus (D:6)
  2 worms
  A dart slug (D:1)
  12 orcs
  8 ball pythons
  3 bats
  9 endoplasms
  7 giant cockroaches
  9 goblins
  8 hobgoblins
  8 jackals
  3 kobolds
  5 quokkas
  4 frilled lizards
  4 rats
118 creatures vanquished.

Notes
Turn   | Place    | Note
-------+----------+-------------------------------------------
     0 | D:1      | Ofeo the Draconian Shapeshifter began the quest for the
                  | Orb.
     0 | D:1      | Reached XP level 1. HP: 17/17 MP: 1/1
   155 | D:1      | Reached XP level 2. HP: 25/25 MP: 2/2
   519 | D:1      | Reached XP level 3. HP: 27/30 MP: 3/3
  1050 | D:2      | Identified the +7 chain mail "Dimarch" {Contam rN+ Will+
                  | Dex+4}
  1169 | D:2      | Found a faded altar of an unknown god.
  1372 | D:2      | Noticed Jessica
  1378 | D:2      | Killed Jessica
  1379 | D:2      | Reached XP level 4. HP: 37/37 MP: 4/4
  1457 | D:2      | Found Isicuv's Antique Weapon Shop.
  2276 | D:3      | Found Iriuf's Assorted Antiques.
  2290 | D:3      | Bought a scroll labelled SOKISTR JUIJY for 25 gold pieces
  2705 | D:4      | Reached skill level 4 in Shapeshifting
  2705 | D:4      | Reached XP level 5. HP: 43/45 MP: 5/5
  3038 | D:4      | Found an iron altar of Okawaru.
  3094 | D:4      | Noticed Natasha
  3104 | D:4      | HP: 2/45 [cerulean imp/+2 spear[Natasha] (3)]
  3433 | D:4      | Killed Natasha
  3703 | D:4      | Reached XP level 6. HP: 33/52 MP: 6/6
  4315 | D:5      | Entered Level 5 of the Dungeon
  4486 | D:5      | Found a snail-covered altar of Cheibriados.
  4502 | D:5      | Found a staircase to the Ecumenical Temple.
  4566 | D:5      | Noticed a water moccasin
  4597 | Temple   | Entered the Ecumenical Temple
  4910 | D:5      | Killed a water moccasin
  4911 | D:5      | Your scales start taking on a glossy black colour.
  4911 | D:5      | Reached XP level 7. HP: 40/59 MP: 7/7
  4911 | D:5      | Gained mutation: You are resistant to electric shocks.
                  | (rElec) [Black Draconian growth]
  5057 | D:5      | Reached skill level 5 in Shapeshifting
  5744 | D:6      | Reached XP level 8. HP: 51/67 MP: 8/8
  5747 | D:6      | Noticed Blork the orc
  5758 | D:6      | Killed Blork the orc
  5759 | D:6      | Reached skill level 5 in Fighting
  6004 | D:6      | Reached skill level 6 in Shapeshifting
  6867 | D:6      | Reached skill level 5 in Unarmed Combat
  7083 | D:3      | Bought 2 metallic emerald potions for 45 gold pieces
  7083 | D:3      | Gained mutation: You occasionally lose the ability to drink
                  | potions when taking damage. [potion of mutation]
  7083 | D:3      | Gained mutation: You sometimes lose the ability to drink
                  | potions when taking damage. [potion of mutation]
  7083 | D:3      | Gained mutation: You have supernaturally acute eyesight.
                  | (SInv) [potion of mutation]
  7560 | D:7      | Quit the game

Illustrated notes

Levels and vault maps discovered:
D:1:      pf_arrival_petrified_forest, layout_loops_ring, minmay_hexomino_f4
D:2:      layout_loops_ring, hellmonk_ecumenical_altar_blasted, serial_shops,
          shop, uniq_jessica
D:3:      layout_basic, serial_shops, nicolae_shop_rolling_square
D:4:      layout_cave_pods, lemuel_tele_altar, amcnicky_mini_corridor_feature,
          uniq_natasha
D:5:      cheibrodos_quashed, layout_loops_cross, mainiacjoe_overflow_catwalk
D:6:      layout_layer_cave, uniq_blork_the_orc
D:7:      layout_basic, mainiacjoe_overflow_paths,
          nicolae_overflow_two_pavilions
Temple:   bh_familiar_temple

Skill      XL: |  1  2  3  4  5  6  7  8 |
---------------+-------------------------+-----
Dodging        | 2 3 4 |  4.6
Fighting       | 3 4 5 |  5.6
Unarmed Combat | 3 4 5 |  5.2
Shapeshifting  | 4 5 6 |  6.4

Action                     |  1- 3 |  4- 6 |  7- 9 || total
---------------------------+-------+-------+-------++-------
  Melee: Unarmed           |   111 |   139 |   119 ||   369
         Tailslap          |    10 |    24 |    15 ||    49
         Punch             |       |     1 |     2 ||     3
Ability: Breathe Lightning |       |       |     9 ||     9
    Use: Scroll            |     4 |     6 |     3 ||    13
         Potion            |       |     2 |     1 ||     3
   Stab: Sleeping          |       |       |     1 ||     1
 Armour: Skin              |    26 |    37 |    33 ||    96
  Dodge: Dodged            |    65 |   106 |    57 ||   228

Table legend: (Time is in decaauts)
 A = Elapsed time spent in this place.
 B = Non-inter-level travel time spent in this place.
 C = Inter-level travel time spent in this place.
 D = Time resting spent in this place.
 E = Time spent auto-exploring this place.
 F = Levels seen in this place.
 G = Mean time per level.
                   A        B        C        D        E       F      G
               +--------+--------+--------+--------+--------+-----+--------+
         Total |   7538 |   7018 |    520 |    493 |   5706 |   8 |  942.2 |
       Dungeon |   7265 |   6777 |    488 |    493 |   5472 |   7 | 1037.9 |
        Temple |    273 |    241 |     32 |      0 |    234 |   1 |  273.0 |
               +--------+--------+--------+--------+--------+-----+--------+

Top non-repeatable levels by time:
     D:6: 1559 daAuts
     D:4: 1482 daAuts
     D:3: 1260 daAuts
     D:5: 968 daAuts
     D:1: 899 daAuts
     D:2: 754 daAuts
     D:7: 340 daAuts
  Temple: 273 daAuts
